 Dungeon Crawl Stone Soup version 0.31-a0-1308-ga3cce3a (webtiles) character file.

Game seed: 1174426711575971797

160 edsrzf the Magician (level 5, 0/31 HPs)
             Began as an Octopode Hedge Wizard on Dec 18, 2023.
             Was a Follower of Vehumet.
             Slain by a gnoll
             ... wielding a +0 whip
              (2 damage)
             ... on level 3 of the Dungeon on Dec 19, 2023.
             The game lasted 00:04:20 (2656 turns).

edsrzf the Magician (Octopode Hedge Wizard)         Turns: 2656, Time: 00:04:21

Health: 0/31       AC:  1    Str:  9    XL:     5   Next: 41%
Magic:  11/11      EV: 13    Int: 18    God:    Vehumet [*.....]
Gold:   111        SH:  0    Dex: 12    Spells: 10/12 levels left

rFire   . . .        a - +0 dagger
rCold   + . .        (no shield)
rNeg    . . .        b - +0 hat
rPois   .            r - amulet of magic regeneration
rElec   .            d - ring of protection from cold
rCorr   .            (no ring)
SInv    .            (no ring)
Will    +....        (no ring)
Stlth   +++          (no ring)
HPRegen 0.25/turn    (no ring)
MPRegen 0.52/turn    (no ring)
                     (no ring)

%: no passive effects
@: enlightened, flying, hasted, very quick
A: almost no armour, amphibious, 8 rings, camouflage 1, gelatinous body 1,
(nimble swimmer 1), tentacles
a: Renounce Religion


You were on level 3 of the Dungeon.
You worshipped Vehumet.
Vehumet was aware of your devotion.
You visited 1 branch of the dungeon, and saw 3 of its levels.

You collected 111 gold pieces.

Inventory:

Hand Weapons
 a - a +0 dagger (weapon)
Armour
 b - a +0 hat (worn)
Jewellery
 d - a ring of protection from cold (left tentacle)
 q - a ring of fire
 r - an amulet of magic regeneration (around mantle)
Scrolls
 e - a scroll of vulnerability {unknown}
 g - 2 scrolls of identify {unknown}
 j - a scroll of teleportation {unknown}
 l - a scroll of immolation {unknown}
 m - 3 scrolls of revelation {unknown}
 n - a scroll of enchant armour {unknown}
 o - a scroll of blinking {unknown}
 p - a scroll of torment {unknown}
Potions
 c - a potion of magic
 f - a potion of enlightenment
 i - a potion of lignification {unknown}
 k - a potion of resistance {unknown}
 s - a potion of berserk rage {unknown}
 t - a potion of heal wounds {unknown}


   Skills:
 - Level 2.0 Dodging
 - Level 2.6 Stealth
 + Level 4.4 Spellcasting
 + Level 3.6 Conjurations
 - Level 1.0 Summonings
 - Level 1.0 Translocations


You had 10 spell levels left.
You knew the following spells:

 Your Spells              Type           Power      Damage    Failure   Level
a - Freeze                Ice            12%        1d3       14%         1
X - Magic Dart            Conj           68%        1d6       3%          1

Your spell library contained the following spells:

 Spells                   Type           Power      Damage    Failure   Level
 Sandblast                Erth           6%         2d5       14%         1
 Slow                     Hex            12%        N/A       14%         1
 Blink                    Tloc           14%        N/A       14%         2
 Call Imp                 Summ           14%        N/A       14%         2
 Stone Arrow              Conj/Erth      20%        3d8       21%         3
 Cigotuvi's Dreadful Rot  Necr/Pois/Air  6%         N/A       22%         2
 Passwall                 Tmut/Erth      2%         N/A       22%         2
 Mephitic Cloud           Conj/Pois/Air  8%         N/A       26%         3
 Brom's Barrelling Bould  Conj/Erth      10%        2d3       54%         4


Dungeon Overview and Level Annotations

Branches:
Dungeon (3/15)

Altars:
Vehumet


Innate Abilities, Weirdness & Mutations

You cannot wear most types of armour.
You are amphibious.
You can wear up to eight rings at the same time.
Your skin changes colour to match your surroundings (Stealth+).
Your rubbery body absorbs attacks. (AC +1, EV +1)
((You are camouflaged when in or above water. (Stealth+)))
You have tentacles for arms and can constrict up to eight enemies at once.


Message History

The endoplasm is almost dead.
The endoplasm quivers.
Your magical contamination has completely faded away.
Casting: Magic Dart (safe; 3% risk of failure)
Confirm with . or Enter, or press ? or * to list all spells.
The magic dart hits the endoplasm.
You kill the endoplasm!
Vehumet accepts your kill.
t - a purple potion A bat comes into view.
Found a glowing golden potion.
The bat moves out of view.
Casting: Magic Dart (safe; 3% risk of failure)
Confirm with . or Enter, or press ? or * to list all spells.
The magic dart hits the bat.
You kill the bat!
Vehumet accepts your kill.
No target in view!
Found a ring mail.
f - 2 glowing golden potions (gained 1)
Found a stone staircase leading down. 3 gnolls come into view.
A gnoll is wielding a +0 flail and quivering 2 throwing nets.
Found a stone staircase leading up.
There are monsters nearby!
Casting: Magic Dart (safe; 3% risk of failure)
Confirm with . or Enter, or press ? or * to list all spells.
The magic dart hits the gnoll.
The gnoll is lightly wounded.
The gnoll shouts! x3
The gnoll throws a throwing net.
The throwing net barely misses you.
Casting: Magic Dart (safe; 3% risk of failure)
Confirm with . or Enter, or press ? or * to list all spells.
The magic dart hits the gnoll.
The gnoll is moderately wounded.
Casting: Magic Dart (safe; 3% risk of failure)
Confirm with . or Enter, or press ? or * to list all spells.
The magic dart hits the gnoll.
The gnoll is heavily wounded.
Casting: Magic Dart (safe; 3% risk of failure)
Confirm with . or Enter, or press ? or * to list all spells.
The magic dart hits the gnoll.
The gnoll is severely wounded.
You barely miss the gnoll. You grab the gnoll. You squeeze the gnoll.
You kill the gnoll!
Vehumet accepts your kill.
Casting: Magic Dart (safe; 3% risk of failure)
Confirm with . or Enter, or press ? or * to list all spells.
The magic dart hits the gnoll.
The gnoll is moderately wounded.
You barely miss the gnoll. Your grab misses the gnoll.
The gnoll is moderately wounded.
The gnoll barely misses you.
You completely miss the gnoll. Your grab misses the gnoll.
The gnoll is moderately wounded.
The gnoll hits you with a +0 flail.
You hit the gnoll. Your grab misses the gnoll. You squeeze the gnoll.
The gnoll is almost dead.
The gnoll hits you with a +0 flail.
You hit the gnoll. Your grab misses the gnoll.
The gnoll is almost dead.
The gnoll hits you with a +0 flail.
You hit the gnoll.
You kill the gnoll!
Vehumet accepts your kill.
You hit the gnoll but do no damage. You grab the gnoll.
You constrict the gnoll, but do no damage.
The gnoll hits you with a +0 whip!
You hit the gnoll but do no damage.
You constrict the gnoll, but do no damage.
The gnoll closely misses you.
You hit the gnoll but do no damage. You constrict the gnoll.
The gnoll misses you.
Casting: Magic Dart (safe; 3% risk of failure)
Confirm with . or Enter, or press ? or * to list all spells.
Aiming: Magic Dart (safe; 3% risk of failure)
Press: ? - help, Shift-Dir - straight line, f - gnoll
Aim: a gnoll, wielding a +0 whip (lightly wounded, constricted by you, 100% to hit)
The magic dart hits the gnoll.
The gnoll is moderately wounded.
You constrict the gnoll. The gnoll hits you with a +0 whip.
* * * LOW HITPOINT WARNING * * *
It was a potion of enlightenment.
You feel very buoyant.
You fly up into the air.
You constrict the gnoll. The gnoll hits you with a +0 whip.
* * * LOW HITPOINT WARNING * * *
Okay, then.
You have nothing you can fire or use right now.
Unknown command.
Okay, then.
Casting: Magic Dart (safe; 3% risk of failure)
Confirm with . or Enter, or press ? or * to list all spells.
Okay, then.
Press: ? - help, v - describe, . - travel, g - get item
Here: a gnoll, wielding a +0 whip (severely wounded, constricted by you)
Items here: ( )) †.
The floor.
It was a potion of haste.
You feel yourself speed up.
You constrict the gnoll. The gnoll hits you with a +0 whip.
You die...

######.##
##..#.##.## #.
#..#.##..#
#...#.###.#
....##.# #.##
##.. ..# #..##
## ## ##..##
###.. ##..##
<.....#######
##..#######
#....(.g@.#
#..........
#......####.#
#..........
#......
#.###..........
....g..
#..............
#......
#####..........
#.g....
#........[.
#..g...
###########
#......


You could see a gnoll.

Vanquished Creatures
  An orc wizard (D:3)
  5 adders
  2 gnolls (D:3)
  A worm (D:2)
  A dart slug (D:2)
  4 orcs (D:3)
  5 endoplasms
  2 giant cockroaches
  4 goblins
  2 hobgoblins (D:1)
  7 jackals
  2 kobolds (D:1)
  3 quokkas
  5 ball pythons
  7 bats
  2 frilled lizards
  9 rats
62 creatures vanquished.

Notes
Turn   | Place    | Note
-------+----------+-------------------------------------------
     0 | D:1      | edsrzf the Octopode Hedge Wizard began the quest for the
                  | Orb.
     0 | D:1      | Reached XP level 1. HP: 11/11 MP: 4/4
   304 | D:1      | Reached XP level 2. HP: 17/17 MP: 1/6
   662 | D:1      | Reached skill level 2 in Conjurations
   764 | D:1      | Reached XP level 3. HP: 17/21 MP: 3/7
  1140 | D:1      | Found a faded altar of an unknown god.
  1523 | D:1      | Upgraded the game from 0.31-a0-1300-gb6740aa to
                  | 0.31-a0-1308-ga3cce3a
  1645 | D:2      | Found a radiant altar of Vehumet.
  1654 | D:2      | Became a worshipper of Vehumet
  1752 | D:2      | Reached XP level 4. HP: 25/27 MP: 4/9
  1914 | D:2      | Reached skill level 4 in Spellcasting
  2160 | D:2      | Reached skill level 3 in Conjurations
  2397 | D:3      | Reached XP level 5. HP: 31/31 MP: 9/11
  2442 | D:3      | Reached * piety under Vehumet
  2442 | D:3      | Offered knowledge of Freeze by Vehumet.
  2445 | D:3      | Learned a level 1 spell: Freeze
  2655 | D:3      | Identified 2 potions of enlightenment
  2656 | D:3      | Identified a potion of haste
  2656 | D:3      | Slain by a gnoll

Illustrated notes

Levels and vault maps discovered:
D:1:      dpeg_arrival_three_smaller_balls, layout_loops_ring,
          shapermc_ecumenical_altar_mp_vishouse, roderic_serpentine_path,
          minmay_pentomino_r4
D:2:      layout_loops_ring, basic_altar
D:3:      layout_rooms

Skill      XL: |  1  2  3  4 |
---------------+-------------+-----
Conjurations   | 2 3 |  3.6
Spellcasting   | 4 |  4.4
Dodging        | |  2.0
Stealth        | |  2.6
Summonings     | |  1.0
Translocations | |  1.0

Action                     |  1- 3 |  4- 6 || total
---------------------------+-------+-------++-------
  Melee: Dagger            |    36 |    49 ||    85
         Constrict         |    10 |    13 ||    23
         Tentacles         |     5 |    14 ||    19
         Punch             |     1 |       ||     1
   Cast: Magic Dart        |    58 |    33 ||    91
    Use: Potion            |       |     2 ||     2
   Stab: Sleeping          |     2 |     2 ||     4
 Armour: Skin              |    14 |    24 ||    38
  Dodge: Dodged            |    31 |    25 ||    56

Table legend: (Time is in decaauts)
 A = Elapsed time spent in this place.
 B = Non-inter-level travel time spent in this place.
 C = Inter-level travel time spent in this place.
 D = Time resting spent in this place.
 E = Time spent auto-exploring this place.
 F = Levels seen in this place.
 G = Mean time per level.
                   A        B        C        D        E       F      G
               +--------+--------+--------+--------+--------+-----+--------+
         Total |   2655 |   2525 |    130 |    463 |   1669 |   3 |  885.0 |
       Dungeon |   2655 |   2525 |    130 |    463 |   1669 |   3 |  885.0 |
               +--------+--------+--------+--------+--------+-----+--------+

Top non-repeatable levels by time:
     D:1: 1540 daAuts
     D:2: 810 daAuts
     D:3: 303 daAuts
